 Dungeon Crawl Stone Soup version 0.30-a0-989-g0d87f670db (webtiles) character file.

Game seed: 792398096424230296

802 VenomOG the Chopper (level 7, -1/64 HPs)
             Began as a Minotaur Berserker on Apr 3, 2023.
             Was a Priest of Trog.
             Succumbed to an orc wizard's poison
             ... on level 7 of the Dungeon.
             The game lasted 00:24:39 (2418 turns).

VenomOG the Chopper (Minotaur Berserker)            Turns: 2418, Time: 00:24:40

Health: -1/64      AC: 14    Str: 26    XL:     7   Next: 59%
Magic:  6/6        EV:  8    Int: 10    God:    Trog [***...]
Gold:   108        SH:  0    Dex: 10    Spells: 6/6 levels left

rFire   x . .      SeeInvis .    u - +1 mace (heavy)
rCold   + . .      Faith    .    (no shield)
rNeg    + + .      Spirit   .    k - +1 plate armour
rPois   .          Reflect  .    (helmet restricted)
rElec   .          Rampage  .    (no cloak)
rCorr   .                        (no gloves)
Will    .....                    w - +0 pair of boots Stlth
                                 (no amulet)
HPRegen 0.30/turn                y - ring of Tiamagg {Ice rN++ Str+3 Int+6}
MPRegen 0.10/turn                (no ring)

@: lethally poisoned (-1 -> -7), silenced, marked, hasted, very quick
A: horns 2, retaliatory headbutt
a: Renounce Religion


You were on level 7 of the Dungeon.
You worshipped Trog.
Trog was most pleased with you.
You visited 1 branch of the dungeon, and saw 7 of its levels.

You collected 108 gold pieces.

Inventory:

Hand Weapons
 a - a +1 hand axe
 f - a +0 short sword
 g - a +0 sling
 i - a +0 dagger
 j - a +0 mace
 u - a +1 heavy mace (weapon)
Missiles
 e - 35 stones
 s - 6 poisoned darts
 v - a throwing net
Armour
 b - a +0 animal skin
 h - a +0 scale mail
 k - a +1 plate armour (worn)
 t - a +0 robe
 w - a +0 pair of boots (worn)
Magical Staves
 p - a staff of conjuration
Jewellery
 n - an amulet of magic regeneration
 y - the ring of Tiamagg (left hand) {Ice rN++ Str+3 Int+6}
   (You found it on level 5 of the Dungeon)

   [ring of ice]

   It enhances your ice magic.
   Str:       It affects your strength (+3).
   Int:       It affects your intelligence (+6).
   rF:        It makes you vulnerable to fire.
   rC:        It protects you from cold.
   rN:        It greatly protects you from negative energy.
Scrolls
 m - a scroll of enchant weapon
 q - a scroll of blinking (quivered)
 x - a scroll of fear {unknown}
 z - a scroll of immolation {unknown}
Potions
 c - a potion of heal wounds {unknown}
 d - a potion of resistance {unknown}
 o - 2 potions of mutation {unknown}
 r - a potion of lignification {unknown}


   Skills:
 + Level 6.4 Fighting
 + Level 7.7(7.8) Axes
 + Level 0.5(4.8) Maces & Flails
 + Level 4.5 Armour
 + Level 3.4 Dodging
 + Level 1.1 Stealth


You had 6 spell levels left.
You didn't know any spells.
Your spell library contained the following spells:

 Spells                   Type           Power      Damage    Failure   Level
 Inner Flame              Hex/Fire       0%         N/A       100%        3
 Cause Fear               Hex            0%         N/A       100%        4
 Discord                  Hex            0%         N/A       100%        8


Dungeon Overview and Level Annotations

Branches:
Dungeon (7/15)
 Temple: D:4-7

Altars:
Okawaru


Innate Abilities, Weirdness & Mutations

You have a pair of horns on your head.
You reflexively headbutt those who attack you in melee.


Message History

The orc wizard barely misses you. Something hits you but does no damage.
A centaur zombie comes into view.
The centaur zombie barely misses you. x2; The centaur zombie hits you.
The centaur zombie closely misses you.
You feel yourself speed up.
You feel very sick. Something hits you but does no damage.
The orc wizard hits you but does no damage.
The orc wizard hits you with a +2 dagger of venom.
* * * LOW HITPOINT WARNING * * *
You are lethally poisoned!
The centaur zombie barely misses you.
The centaur zombie kicks you but does no damage.
The centaur zombie hits you but does no damage.
The centaur zombie kicks you but does no damage.
* * * LOW HITPOINT WARNING * * *
You feel sick. The centaur zombie barely misses you.
The centaur zombie kicks you.
* * * LOW HITPOINT WARNING * * *
The water moccasin zombie barely misses you.
You furiously retaliate!
You headbutt the water moccasin zombie.
The orc wizard hits you but does no damage.
A wight comes into view. It is wielding a +6 great sword.
* * * LOW HITPOINT WARNING * * *
You feel very sick. The centaur zombie hits you.
* * * LOW HITPOINT WARNING * * *
The centaur zombie kicks you but does no damage.
* * * LOW HITPOINT WARNING * * *
You feel very sick.
* * * LOW HITPOINT WARNING * * *
You feel sick.
* * * LOW HITPOINT WARNING * * *
You feel sick.
A bat comes into view.
* * * LOW HITPOINT WARNING * * *
You feel sick.
* * * LOW HITPOINT WARNING * * *
You feel sick.
You die...

#######
#.....#
#.###.#
#.# #<#
#.######
#......#
######.#
#@# #.#
#.# #Z#
#.# #Z#
#####b##
#.J.bZz###
#..oob.Z.#


You could see a wight, a water moccasin zombie, 2 centaur zombies and 2 bats.

Vanquished Creatures
  Grinder (D:3)
  A water moccasin (D:5)
  2 phantoms
  A scorpion (D:5)
  A howler monkey (D:5)
  A jelly (D:5)
  A sleepcap (D:5)
  2 iguanas
  2 gnolls (D:6)
  7 adders
  An ufetubus (D:5)
  A worm (D:2)
  A dart slug (D:5)
  4 orcs
  4 bats
  5 endoplasms
  A giant cockroach (D:1)
  2 goblins (D:3)
  7 hobgoblins
  7 jackals
  4 quokkas
  6 ball pythons
  14 frilled lizards
  4 kobolds
  3 rats
83 creatures vanquished.

Vanquished Creatures (others)
  16 fungi (D:5)
  7 plants (D:1)
23 creatures vanquished.

Grand Total: 106 creatures vanquished

Notes
Turn   | Place    | Note
-------+----------+-------------------------------------------
     0 | D:1      | VenomOG the Minotaur Berserker began the quest for the Orb.
     0 | D:1      | Reached XP level 1. HP: 19/19 MP: 0/0
   213 | D:2      | Reached XP level 2. HP: 17/27 MP: 1/1
   466 | D:2      | Reached skill level 4 in Axes
   628 | D:1      | Reached XP level 3. HP: 33/33 MP: 2/2
   781 | D:1      | Found a faded altar of an unknown god.
   842 | D:1      | Reached ** piety under Trog
   941 | D:1      | You fall into a shaft and drop 1 floor!
  1137 | D:3      | Noticed Grinder
  1150 | D:3      | Killed Grinder
  1151 | D:3      | Reached skill level 5 in Fighting
  1151 | D:3      | Reached skill level 5 in Axes
  1151 | D:3      | Reached XP level 4. HP: 29/42 MP: 3/3
  1151 | D:3      | Reached XP level 5. HP: 33/48 MP: 4/4
  1275 | D:3      | Reached skill level 6 in Axes
  1275 | D:3      | Reached XP level 6. HP: 49/56 MP: 5/5
  1574 | D:5      | Entered Level 5 of the Dungeon
  1583 | D:5      | Found an iron altar of Okawaru.
  1583 | D:5      | Noticed a water moccasin
  1592 | D:5      | Killed a water moccasin
  1597 | D:5      | Reached skill level 1 in Stealth
  1779 | D:5      | Reached skill level 7 in Axes
  1779 | D:5      | Reached XP level 7. HP: 38/62 MP: 6/6
  2177 | D:5      | Identified the ring of Tiamagg {Ice rN++ Str+3 Int+6}
  2405 | D:7      | Reached *** piety under Trog
  2415 | D:7      | HP: 2/64 [poisoned by an orc wizard]
  2418 | D:7      | Succumbed to an orc wizard's poison

Illustrated notes

Levels and vault maps discovered:
D:1:      shiori_arrival_elements, layout_rooms,
          shapermc_ecumenical_altar_totnotflames, minmay_lizard_king
D:2:      layout_loops_corners
D:3:      layout_loops_ring, lemuel_coloured_pillars_altar, uniq_grinder
D:4:      minmay_general_purpose_star, layout_basic, grunt_temple_overflow_open
D:5:      layout_cave_pools, mainiacjoe_overflow_cross_hatched, st_stairs_4,
          nicolae_eternal_life
D:6:      lemuel_insect_pit, layout_basic,
          mainiacjoe_overflow_concentric_impassable, dk_rats_in_the_wall
D:7:      layout_basic, minmay_temple_entry_glassed_door, serial_undead,
          serial_undead_b, serial_undead_d, serial_undead_c, serial_undead_a,
          roderic_batcave, uniq_duvessa, uniq_prince_ribbit1

Skill      XL: |  1  2  3  4  5  6  7 |
---------------+----------------------+-----
Fighting       | 4 5 6 |  6.4
Axes           | 4 5 6 7 |  7.7
Armour         | 3 4 |  4.5
Dodging        | 3 |  3.4
Stealth        | 1 |  1.1
Maces & Flails | |  0.5

Action                     |  1- 3 |  4- 6 |  7- 9 || total
---------------------------+-------+-------+-------++-------
  Melee: Hand axe          |    93 |    43 |    18 ||   154
         Headbutt          |    17 |    10 |     7 ||    34
         Punch             |     1 |       |       ||     1
         Mace              |       |       |    32 ||    32
    Use: Scroll            |     5 |       |     1 ||     6
         Potion            |       |       |     4 ||     4
   Stab: Sleeping          |     1 |       |       ||     1
 Armour: Animal skin       |     6 |       |       ||     6
         Plate armour      |    43 |    26 |    94 ||   163
  Dodge: Dodged            |    54 |    13 |    65 ||   132

Table legend: (Time is in decaauts)
 A = Elapsed time spent in this place.
 B = Non-inter-level travel time spent in this place.
 C = Inter-level travel time spent in this place.
 D = Time resting spent in this place.
 E = Time spent auto-exploring this place.
 F = Levels seen in this place.
 G = Mean time per level.
                   A        B        C        D        E       F      G
               +--------+--------+--------+--------+--------+-----+--------+
         Total |   2445 |    985 |   1460 |      0 |      4 |   7 |  349.3 |
       Dungeon |   2445 |    985 |   1460 |      0 |      4 |   7 |  349.3 |
               +--------+--------+--------+--------+--------+-----+--------+

Top non-repeatable levels by time:
     D:5: 700 daAuts
     D:2: 631 daAuts
     D:3: 519 daAuts
     D:1: 416 daAuts
     D:6: 97 daAuts
     D:7: 65 daAuts
     D:4: 14 daAuts
